 Dungeon Crawl Stone Soup version 0.21.1-1-g345015f (webtiles) character file.

6811 shakethe the Cleaver (level 11, -2/69 HPs)
             Began as a Gargoyle Fighter on Feb 14, 2018.
             Was a Believer of Okawaru.
             Killed by the air
             ... invoked by Gastronok
              (24 damage)
             ... on level 9 of the Dungeon.
             The game lasted 00:22:11 (10059 turns).

shakethe the Cleaver (Gargoyle Fighter)            Turns: 10059, Time: 00:22:12

Health: -2/69      AC: 26    Str: 20    XL:     11   Next: 5%
Magic:  10/11      EV: 12    Int: 12    God:    Okawaru [**....]
Gold:   463        SH:  0    Dex:  9    Spells: 10/10 levels left

rFire    + + .     SeeInvis .   y - +9 battleaxe
rCold    . . .     Gourm    .   (shield currently unavailable)
rNeg     + . .     Faith    .   h - +3 fire dragon scales
rPois    ∞         Spirit   .   q - +0 helmet
rElec    +         Reflect  .   (no cloak)
rCorr    .         Harm     .   u - +0 pair of gloves
MR       .....                  F - +0 pair of boots
Stlth    ..........             (no amulet)
HPRegen  0.21/turn              j - ring of protection from cold {rC+, !d}
MPRegen  0.12/turn              (no ring)

@: no status effects
A: negative energy resistance 1, electricity resistance, unbreathing,
petrification resistance, rot immunity, AC +8
a: Heroism, Renounce Religion


You were on level 9 of the Dungeon.
You worshipped Okawaru.
Okawaru was pleased with you.
You were hungry.

You visited 2 branches of the dungeon, and saw 10 of its levels.
You also visited: Ossuary.

You collected 463 gold pieces.

Inventory:

Hand Weapons
 y - a +9 battleaxe (weapon)
   (You took it off a wight on level 6 of the Dungeon)
Missiles
 H - a throwing net {=f, !d}
Armour
 c - a +0 shield
 h - +3 fire dragon scales (worn)
   (You found it on level 1 of the Dungeon)
 q - a +0 helmet (worn)
   (You found it on level 3 of the Dungeon)
 u - a +0 pair of gloves (worn)
   (You found it on level 3 of the Dungeon)
 F - a +0 pair of boots (worn)
   (You found it on level 8 of the Dungeon)
Jewellery
 j - a ring of protection from cold (left hand) {rC+, !d}
   (You found it on level 1 of the Dungeon)
Wands
 r - a wand of random effects (27)
   (You found it on level 3 of the Dungeon)
 D - a wand of polymorph (13)
   (You found it on level 9 of the Dungeon)
Scrolls
 b - a scroll of amnesia
 e - a scroll of blinking {!r}
 g - 3 scrolls of remove curse
 i - 3 scrolls of teleportation
 l - a scroll of fear {unknown}
 n - 3 scrolls of magic mapping {!r}
 p - 4 scrolls of enchant weapon
 B - a scroll of identify
 E - a scroll of torment {unknown}
Potions
 d - a potion of might
 k - 2 potions of brilliance {unknown}
 m - 3 potions of cancellation
 o - 3 potions of flight {unknown}
 s - 6 potions of heal wounds
 t - a potion of resistance {unknown}
 v - a potion of agility {unknown}
 w - 2 potions of lignification {!q}
 x - 2 potions of ambrosia {unknown}
 z - 5 potions of curing
 A - 2 potions of degeneration {!q}
 C - a potion of invisibility {unknown}
 G - a potion of mutation {unknown}
Comestibles
 a - 4 chunks of flesh {@w0}
 f - 9 rations


   Skills:
 + Level 8.8 Fighting
 * Level 9.9 Axes
 + Level 8.9 Armour
 + Level 5.9 Dodging
 - Level 3.2 Shields


You had 10 spell levels left.
You didn't know any spells.

Dungeon Overview and Level Annotations

Branches:
Dungeon (9/15)             Temple (1/1) D:7            Lair (0/6) D:8
    Orc: D:9-12

Altars:
Ashenzari
Cheibriados
Dithmenos
Elyvilon
Fedhas
Gozag
Hepliaklqana
Kikubaaqudgha
Makhleb
Nemelex Xobeh
Okawaru
Qazlal
Ru
Sif Muna
Trog
Vehumet
Wu Jian
Xom
Yredelemnul
Zin
The Shining One

Shops:
D:5 [

Annotations:
D:4 shakethe's ghost, amateur GrFi
D:9 Gastronok


Innate Abilities, Weirdness & Mutations

You are resistant to torment.
Your stone body is resilient. (AC +8)
You are immune to poison.
You resist negative energy. (rN+)
You are resistant to electric shocks. (rElec)
You can survive without breathing.
You are immune to petrification.
You are immune to rotting.


Message History

You regained 3 hp, and now have 35/69 hp.
You are too injured to fight recklessly!
You are too injured to fight recklessly!
You are too injured to fight recklessly!
You are too injured to fight recklessly!
You are too injured to fight recklessly!
You are too injured to fight recklessly!
You are too injured to fight recklessly!
You are too injured to fight recklessly!
You are too injured to fight recklessly!
You are too injured to fight recklessly!
You are too injured to fight recklessly!
You are too injured to fight recklessly!
You are too injured to fight recklessly!
You are too injured to fight recklessly!
You are too injured to fight recklessly!
You are too injured to fight recklessly!
You are too injured to fight recklessly!
You are too injured to fight recklessly!
You are too injured to fight recklessly!
The adder bites you but does no damage. x2
The adder closely misses you.
You slash the adder!
You kill the adder!
Okawaru accepts your kill.
Items here: )) [ ÷ a dagger; a robe; a short sword of draining; an orc skeleton You start resting.
You hear a distant blaring wail to the east.
Health restored: 69 A quasit comes into view.
The quasit gives a chilling moan.
You hear an angry hiss.
An adder comes into view.
There are monsters nearby!
The quasit closely misses you.
The quasit claws you but does no damage. x2
You closely miss the quasit.
The quasit bites you but does no damage.
The quasit closely misses you. The quasit barely misses you.
The quasit bites you but does no damage.
The quasit closely misses you. x2
You hit the quasit. You slash the adder!
You kill the adder!
Okawaru accepts your kill.
The quasit bites you but does no damage.
The quasit misses you.
The quasit barely misses you. x2; The quasit claws you.
The quasit claws you but does no damage.
You take 1 damage, and have 68/69 hp.
You slice the quasit!!
You kill the quasit!
Okawaru accepts your kill.
No target in view!
No target in view!
No target in view!
No target in view!
No target in view!
No target in view!
No target in view!
No target in view!
No target in view!
No target in view!
No target in view!
No target in view!
No target in view!
No target in view!
i - 3 scrolls of teleportation (gained 1) Health restored: 69 You see here 16 stones.
Gastronok the Ponderous comes into view.
Gastronok gurgles horribly!
Some of the chunks of flesh in your inventory have rotted away.
Found an escape hatch in the floor.
Gastronok sloshes about.
You gain the combat prowess of a mighty hero.
You now have 9/11 mp.
Gastronok gurgles, "Slow down, so I can eat you."
Gastronok bubbles merrily.
You cut Gastronok into ribbons!!! Gastronok bites you but does no damage.
You hit Gastronok. You slash Gastronok!
Gastronok waves his eye-stalks in wide circles.
The air twists around and strikes you!
You take 18 damage, and have 51/69 hp.
MASSIVE DAMAGE!!
You slash Gastronok! You slice Gastronok!! Gastronok bites you!
You take 17 damage, and have 34/69 hp.
MASSIVE DAMAGE!!
You slice Gastronok!! You slash Gastronok!
Gastronok waves his eye-stalks in wide circles.
The air twists around and strikes you!
You take 13 damage, and have 21/69 hp.
You hit Gastronok.
You feel like a meek peon again.
You hit Gastronok.
You are feeling hungry.
Gastronok waves his eye-stalks in wide circles.
The air twists around and strikes you!
You die...

#.## #..# ##.#
#.# ## #.# ...
###.#####....
##...%......#.
##............#
#......@.......
#......w.......
#.....[........
#...........>..
#..............
##............#
##..........##
############


You could see Gastronok.

Vanquished Creatures
  2 two-headed ogres
  The ghost of shakethe the Cleaver, a novice GrFi of Okawaru (D:8)
  Pikel (D:4)
  A troll (D:9)
  A hippogriff (D:9)
  A spriggan (D:8)
  Menkaure (Ossuary)
  2 hungry ghosts (D:7)
  Duvessa (D:4)
  A phantom (D:4)
  3 slaves (D:4)
  A black bear (D:6)
  3 orc warriors
  2 ogres
  3 centaurs
  2 bullfrogs
  Dowan (D:4)
  3 scorpions
  11 killer bees
  8 wights (D:6)
  2 howler monkeys
  A crimson imp (D:5)
  2 bullfrog zombies
  A quasit (D:9)
  5 orc priests
  3 centaur skeletons
  5 hounds
  2 jellies
  A bullfrog skeleton (D:4)
  Jessica (D:3)
  3 iguanas
  Natasha (thrice) (D:3)
  7 orc wizards
  7 worker ants
  A killer bee zombie (D:7)
  3 mummies (Ossuary)
  4 gnolls (D:5)
  11 adders
  2 shadow imps (D:8)
  An ooze (D:4)
  An adder skeleton (D:4)
  A worm (D:2)
  3 dart slugs (D:1)
  4 leopard geckos
  24 orcs
  7 giant cockroaches
  11 goblins
  5 hobgoblins (D:1)
  8 jackals
  10 kobolds
  2 quokkas
  4 bats (D:3)
  5 frilled lizards
  3 gnoll skeletons (Ossuary)
  2 gnoll zombies (Ossuary)
  2 goblin skeletons (Ossuary)
  2 goblin zombies (Ossuary)
  2 hobgoblin skeletons (Ossuary)
  5 hobgoblin zombies (Ossuary)
  2 kobold skeletons (Ossuary)
  A leopard gecko skeleton (D:7)
  An orc skeleton (Ossuary)
  5 orc zombies (Ossuary)
  2 quokka skeletons
  14 rats
  4 rat skeletons (Ossuary)
  2 rat zombies (Ossuary)
246 creatures vanquished.

Vanquished Creatures (others)
  A gnoll skeleton (Ossuary)
  2 hobgoblin skeletons (Ossuary)
  2 hobgoblin zombies (Ossuary)
  A kobold skeleton (Ossuary)
  An orc skeleton (Ossuary)
  An orc zombie (Ossuary)
  2 rat skeletons (Ossuary)
10 creatures vanquished.

Grand Total: 256 creatures vanquished

Notes
Turn   | Place    | Note
-------+----------+-------------------------------------------
     0 | D:1      | shakethe the Gargoyle Fighter began the quest for the Orb.
     0 | D:1      | Reached XP level 1. HP: 14/14 MP: 1/1
    20 | D:1      | HP: 3/14 [kobold (3)]
    22 | D:1      | Reached skill level 2 in Axes
   109 | D:1      | Reached XP level 2. HP: 9/19 MP: 2/2
   562 | D:1      | Reached XP level 3. HP: 18/23 MP: 3/3
  1143 | D:2      | Found a shattered altar of Ashenzari.
  1269 | D:2      | Reached skill level 3 in Axes
  1411 | D:2      | Reached XP level 4. HP: 29/29 MP: 4/4
  2079 | D:3      | Noticed Jessica
  2104 | D:3      | Killed Jessica
  2104 | D:3      | Reached skill level 4 in Fighting
  2104 | D:3      | Reached skill level 4 in Armour
  2201 | D:3      | Reached XP level 5. HP: 30/33 MP: 5/5
  2351 | D:3      | Found an ancient bone altar of Kikubaaqudgha.
  2351 | D:3      | Noticed Natasha
  2363 | D:3      | Killed Natasha
  2546 | D:3      | Found a sparkling altar of Nemelex Xobeh.
  2547 | D:3      | Found a radiant altar of Vehumet.
  2617 | D:3      | Noticed Natasha
  2630 | D:3      | Killed Natasha
  2630 | D:3      | Reached skill level 1 in Dodging
  3249 | D:4      | Reached XP level 6. HP: 36/39 MP: 6/6
  3282 | D:4      | Reached skill level 4 in Axes
  3489 | D:4      | Reached XP level 7. HP: 34/44 MP: 7/7
  3491 | D:4      | Reached skill level 2 in Dodging
  3675 | D:3      | Noticed Natasha
  3684 | D:4      | Reached skill level 5 in Armour
  3692 | D:4      | Reached skill level 5 in Fighting
  3719 | D:4      | Noticed Dowan
  3720 | D:4      | Noticed Duvessa
  3733 | D:4      | Noticed shakethe's ghost (amateur GrFi)
  3767 | D:3      | Killed Natasha
  4841 | D:4      | Reached skill level 5 in Axes
  4883 | D:4      | Noticed Pikel
  5148 | D:4      | Killed Pikel
  5148 | D:4      | Reached skill level 6 in Axes
  5148 | D:4      | Reached skill level 3 in Dodging
  5148 | D:4      | Reached XP level 8. HP: 35/51 MP: 8/8
  5240 | D:4      | Killed Duvessa
  5240 | D:4      | Reached skill level 6 in Fighting
  5240 | D:4      | Reached skill level 6 in Armour
  5247 | D:4      | Killed Dowan
  5799 | D:5      | Entered Level 5 of the Dungeon
  5845 | D:5      | Found a bloodstained altar of Trog.
  6023 | D:5      | Found Tikuk's Armour Shop.
  6282 | D:6      | Reached XP level 9. HP: 32/56 MP: 9/9
  6363 | D:6      | Reached skill level 7 in Axes
  6411 | D:6      | Reached skill level 4 in Dodging
  6617 | D:6      | Found a sand-covered staircase.
  6632 | Ossuary  | Entered an ossuary
  6752 | Ossuary  | Reached skill level 7 in Armour
  6793 | Ossuary  | Noticed Menkaure
  6803 | Ossuary  | Killed Menkaure
  6803 | Ossuary  | Reached skill level 7 in Fighting
  7268 | D:7      | Found an opulent altar of Gozag.
  7352 | D:7      | Reached skill level 8 in Axes
  7616 | D:7      | Reached XP level 10. HP: 50/63 MP: 10/10
  7769 | D:7      | Found a staircase to the Ecumenical Temple.
  7775 | Temple   | Entered the Ecumenical Temple
  7937 | Temple   | Became a worshipper of Warmaster Okawaru
  8377 | D:8      | Noticed a two-headed ogre
  8378 | D:8      | Found a staircase to the Lair.
  8383 | D:8      | Killed a two-headed ogre
  8383 | D:8      | Reached * piety under Okawaru
  8383 | D:8      | Reached skill level 8 in Fighting
  8383 | D:8      | Reached skill level 8 in Armour
  8383 | D:8      | Reached skill level 5 in Dodging
  8388 | D:8      | Reached skill level 9 in Axes
  8686 | D:8      | Found a shadowy altar of Dithmenos.
  8722 | D:8      | Noticed shakethe's ghost (novice GrFi)
  8913 | D:8      | Killed shakethe's ghost
  8913 | D:8      | Reached ** piety under Okawaru
  9478 | D:9      | Noticed a two-headed ogre
  9488 | D:9      | Killed a two-headed ogre
  9720 | D:9      | Reached XP level 11. HP: 69/69 MP: 11/11
 10045 | D:9      | Noticed Gastronok
 10059 | D:9      | Killed from afar by Gastronok

Skill      XL: |  1  2  3  4  5  6  7  8  9 10 |
---------------+-------------------------------+-----
Axes           | 2 3 4 6 8 9 |  9.9
Fighting       | 4 5 6 7 8 |  8.8
Armour         | 4 5 6 7 8 |  8.9
Dodging        | 1 3 4 5 |  5.9
Shields        | |  3.2

Action                   |  1- 3 |  4- 6 |  7- 9 | 10-12 || total
-------------------------+-------+-------+-------+-------++-------
Melee: War axe           |   114 |   187 |   255 |       ||   556
       Battleaxe         |       |       |   121 |   126 ||   247
Invok: Heroism           |       |       |       |     1 ||     1
  Use: Scroll            |       |       |    18 |     1 ||    19
       Potion            |       |       |       |     1 ||     1
  Eat: Chunk             |     2 |     7 |     9 |     9 ||    27
       Ration            |       |       |     2 |       ||     2
Armor: Scale mail        |     8 |       |       |       ||     8
       Fire dragon scale |    42 |   110 |   227 |   116 ||   495
Dodge: Dodged            |    32 |    59 |   169 |   112 ||   372
Block: Shield            |    51 |    93 |   110 |       ||   254

Vault maps used:
D:1:      dpeg_arrival_central, minmay_hedge_maze
D:2:      overflow_temple_1_default, first_ration
D:3:      gammafunk_temple_overflow_pools, nicolae_overflow_crystal_walls,
          uniq_natasha, uniq_jessica
D:4:      serial_glass, glass_columns_b, glass_columns_c,
          kennysheep_generic_room_13, uniq_duvessa, uniq_pikel
D:5:      serial_shops, nicolae_shop_stone, minmay_misc_feat_five,
          trog_three_pillars_becter
D:6:      nicolae_ossuary_entry_monument, corexii_shack
D:7:      minmay_temple_entry_hall, basic_altar, uniq_menkaure
D:8:      overflow_temple_1_default, dpeg_oklobed_lair, grunt_pizzeria,
          grunt_ministairs_3
D:9:      nicolae_overflow_hidden_temple, kennysheep_generic_room_9,
          uniq_gastronok
Temple:   regret_index_temple_sphere_string
Ossuary:  ossuary_due_pyramid

Table legend:
 A = Turns spent in this place as a percentage of turns spent in the entire game.
 B = Non-inter-level travel turns spent in this place as a percentage of non-inter-level travel turns spent in the entire game.
 C = Inter-level travel turns spent in this place as a percentage of turns spent in this place.
 D = Turns resting spent in this place as a percentage of non-inter-level travel turns spent in this place.
 E = Turns spent auto-exploring this place as a percentage of non-inter-level travel turns spent in this place.
 F = Non-inter-level travel turns spent in this place divided by the number of levels of this place that you've seen.
                   A       B       C       D       E      F
               +-------+-------+-------+-------+-------+----------------------
         Total | 100.0 | 100.0 |   1.2 |  16.2 |  48.9 | 903.9
       Dungeon |  95.3 |  95.5 |   1.0 |  16.3 |  49.2 | 1054.8
        Temple |   1.8 |   1.6 |  11.1 |   0.0 |  85.6 | 160.0
       Ossuary |   2.9 |   2.9 |   0.0 |  20.0 |  17.6 | 290.0
               +-------+-------+-------+-------+-------+----------------------

Table legend:
 A = Kills in this place as a percentage of kills in entire the game.
 B = Kills by you in this place as a percentage of kills by you in the entire game.
 C = Kills by friends in this place as a percentage of kills by friends in the entire game.
 D = Other kills in this place as a percentage of other kills in the entire game.
 E = Experience gained in this place as a percentage of experience gained in the entire game.
 F = Experience gained in this place divided by the number of levels of this place that you have seen.
                   A       B       C       D       E      F
               +-------+-------+-------+-------+-------+----------------------
         Total | 100.0 | 100.0 |   N/A |   N/A | 100.0 | 884.6
       Dungeon |  87.1 |  87.1 |   N/A |   N/A |  98.1 | 1060.6
       Ossuary |  12.9 |  12.9 |   N/A |   N/A |   1.9 | 186.0
               +-------+-------+-------+-------+-------+----------------------
